 Dungeon Crawl Stone Soup version 0.31.0-11-ge490571c62 (webtiles) character file.

Game seed: 9978496454969344269

126 SnakkuSnakku7 the Conjurer (level 5, 0/38 HPs)
             Began as a Merfolk Conjurer on Feb 1, 2024.
             Succumbed to an adder's poison
             ... on level 2 of the Dungeon.
             The game lasted 00:02:56 (1759 turns).

SnakkuSnakku7 the Conjurer (Merfolk Conjurer)       Turns: 1759, Time: 00:02:57

Health: 0/38       AC:  2    Str:  8    XL:     5   Next: 9%
Magic:  8/8        EV: 12    Int: 17    God:
Gold:   77         SH:  0    Dex: 14    Spells: 7/8 levels left

rFire   . . .        a - +0 sling
rCold   . . .        (no shield)
rNeg    . . .        f - +0 robe
rPois   .            (no helmet)
rElec   .            (no cloak)
rCorr   .            (no gloves)
SInv    .            (no boots)
Will    .....        (no amulet)
Stlth   ++           (no ring)
HPRegen 0.26/turn    (no ring)
MPRegen 0.11/turn

%: no passive effects
@: lethally poisoned (0 -> -8), hasted, very quick
A: (nimble swimmer 2), mertail
a: no special abilities


You were on level 2 of the Dungeon.
You visited 1 branch of the dungeon, and saw 3 of its levels.

You collected 99 gold pieces.
You spent 22 gold pieces at shops.

Inventory:

Hand Weapons
 a - a +0 sling (weapon)
Missiles
 d - a curare-tipped dart
 j - a throwing net
Armour
 f - a +0 robe (worn)
Jewellery
 m - a +6 ring of dexterity
Wands
 c - a wand of flame (17)
 l - a wand of roots (5)
Scrolls
 e - a scroll of identify
 h - 2 scrolls of teleportation
 i - a scroll of torment
 k - a scroll of revelation
 n - a scroll of fog {unknown}
Potions
 b - 2 potions of magic


   Skills:
 + Level 2.1 Fighting
 - Level 2.9 Ranged Weapons
 - Level 2.6 Dodging
 - Level 2.1 Stealth
 - Level 1.7 Unarmed Combat
 - Level 2.0 Spellcasting
 - Level 3.2 Conjurations


You had 7 spell levels left.
You knew the following spells:

 Your Spells              Type           Power      Damage    Failure   Level
a - Magic Dart            Conj           48%        1d5       4%          1

Your spell library contained the following spells:

 Spells                   Type           Power      Damage    Failure   Level
 Searing Ray              Conj           24%        2d5       8%          2
 Freeze                   Ice            4%         1d3       19%         1
 Hailstorm                Conj/Ice       7%         3d5       30%         3
 Frozen Ramparts          Ice            2%         1d1       50%         3
 Fulminant Prism          Conj/Alch      3%         3d5       69%         4
 Iskenderun's Mystic Bla  Conj/Tloc      7%         2d4       69%         4


Dungeon Overview and Level Annotations

Branches:
Dungeon (3/15)

Altars:
Makhleb

Shops:
D:1 *


Innate Abilities, Weirdness & Mutations

((You are very nimble when in or above water. (Stealth+, EV+, Speed+++)))
Your lower body shifts to a powerful aquatic tail in water.


Message History

You feel sick.
The adder escapes!
The adder struggles to escape constriction.
Unknown command.
Unknown command.
The grasping roots constrict the adder.
You kill the adder!
Your Fighting skill increases to level 2!
Unknown command.
Aiming: Fastroot
Press: ? - help, Shift-Dir - straight line, f/p - adder
Aim: an adder (heavily wounded)
The roots erupt in riotous growth!
Roots grab the adder.
The grasping roots constrict the adder.
* * * LOW HITPOINT WARNING * * *
You feel sick. The adder completely misses you.
Unknown command.
Fire: a) +0 sling
Press: ? - help, Q - select action, (/) - cycle Shift-Dir - straight line, f/p - adder
Aim: an adder (severely wounded, constricted by roots, 77% to hit)
You shoot a sling bullet.
The sling bullet barely misses the adder.
The sling bullet hits the orc.
The orc is moderately wounded.
The grasping roots constrict the adder.
* * * LOW HITPOINT WARNING * * *
You feel sick. The adder bites you.
* * * LOW HITPOINT WARNING * * *
You are more poisoned.
The adder poisons you!
Aiming: Fastroot
Press: ? - help, Shift-Dir - straight line, f - orc, p - adder
Aim: an orc, wielding a +0 club (moderately wounded)
The roots erupt in riotous growth!
The adder is unaffected.
Roots grab the orc.
The grasping roots constrict the orc.
You kill the orc!
The grasping roots constrict the adder.
You kill the adder!
You die...

######### #.......# #.......#
######### ##### #.......#
#.......######...# #.......#
#................. #.#'#####
#...##..##..##..##
#.#...######..####....####.##
#.###.#.).)†@.## ##..## ##...
#####.#.....####...## #..#
##..## ....#.#.#.###
#....###..###...# ##.##.#.#.####
#..#..........#.#
....#.#.>....####.#..........#.#
.#.##.........###...###..###...#
....#..##.##..##...## #..# ##..#
.....<....##......## ##..## ##.#
###..#........#...####....####.#


There were no monsters in sight!

Vanquished Creatures
  A bombardier beetle (D:3)
  An orc priest (D:3)
  3 adders (D:2)
  A dart slug (D:1)
  4 orcs
  3 bats
  5 endoplasms
  A giant cockroach (D:3)
  5 goblins
  6 hobgoblins
  A jackal (D:1)
  3 quokkas
  2 ball pythons
  A frilled lizard (D:2)
  4 kobolds
  3 rats
44 creatures vanquished.

Notes
Turn   | Place    | Note
-------+----------+-------------------------------------------
     0 | D:1      | SnakkuSnakku7 the Merfolk Conjurer began the quest for the
                  | Orb.
     0 | D:1      | Reached XP level 1. HP: 13/13 MP: 3/3
   292 | D:1      | Reached skill level 1 in Fighting
   292 | D:1      | Reached skill level 1 in Unarmed Combat
   331 | D:1      | Reached XP level 2. HP: 21/21 MP: 1/5
   436 | D:1      | Found Hadoafes's General Store.
   478 | D:1      | Reached XP level 3. HP: 26/27 MP: 0/6
   496 | D:1      | Bought a scroll of identify for 22 gold pieces
  1093 | D:2      | Reached skill level 1 in Ranged Weapons
  1171 | D:2      | You fall into a shaft and drop 1 floor!
  1171 | D:3      | Found a burning altar of Makhleb.
  1248 | D:3      | HP: 1/27 [orc priest/divine providence (10)]
  1252 | D:3      | Reached XP level 4. HP: 12/33 MP: 7/7
  1459 | D:2      | Reached XP level 5. HP: 29/38 MP: 8/8
  1758 | D:2      | HP: 1/38 [adder (1)]
  1759 | D:2      | Succumbed to an adder's poison

Illustrated notes

Levels and vault maps discovered:
D:1:      dpeg_arrival_brainrot, layout_basic, serial_shops, shop,
          nicolae_kite_square_tiling_tiny
D:2:      layout_basic, palyth_stone_intersect
D:3:      layout_rooms, trog_book, lightli_temple_of_fire, minmay_cut_off,
          uniq_ijyb, uniq_terence

Skill      XL: |  1  2  3  4  5 |
---------------+----------------+-----
Fighting       | 1 2 |  2.1
Unarmed Combat | 1 |  1.7
Ranged Weapons | 2 |  2.9
Dodging        | |  2.6
Stealth        | |  2.1
Spellcasting   | |  2.0
Conjurations   | |  3.2

Action                     |  1- 3 |  4- 6 || total
---------------------------+-------+-------++-------
  Melee: Unarmed           |    34 |       ||    34
         Tailslap          |     1 |       ||     1
   Fire: Sling             |    48 |    29 ||    77
  Throw: Dart              |     1 |     1 ||     2
   Cast: Magic Dart        |    26 |       ||    26
  Evoke: Wand              |       |     3 ||     3
    Use: Scroll            |     1 |     4 ||     5
         Potion            |     1 |     1 ||     2
 Armour: Robe              |    28 |    20 ||    48
  Dodge: Dodged            |    27 |    29 ||    56
